 Dungeon Crawl Stone Soup version 0.28.0-45-g0d030f2227 (webtiles) character file.

Game seed: 8166851888592367355

31513 Icepheonix32 the Pandemonic (level 13, -2/106 HPs)
             Began as a Demonspawn Fighter on Apr 12, 2022.
             Was a High Priest of Makhleb.
             Slain by a cyan ugly thing (12 damage)
             ... on level 14 of the Dungeon.
             The game lasted 00:28:31 (16144 turns).

Icepheonix32 the Pandemonic (Demonspawn Fighter)   Turns: 16144, Time: 00:28:31

Health: -2/106     AC: 10    Str: 21    XL:     13   Next: 26%
Magic:  0/21       EV: 15    Int: 11    God:    Makhleb [*****.]
Gold:   574        SH:  0    Dex: 14    Spells: 12/12 levels left

rFire   . . .      SeeInvis +   G - +3 quarterstaff (spect)
rCold   + + .      Faith    .   (shield currently unavailable)
rNeg    . . .      Spirit   +   z - +1 leather armour "Vutso Taly" {rC+ SInv}
rPois   .          Reflect  .   K - +1 hat
rElec   .          Harm     .   y - +2 cloak {Will+}
rCorr   .          Rampage  .   (no gloves)
Will    +....      Rage     1%  (no boots)
Stlth   +++.......              D - amulet of guardian spirit
HPRegen 0.27/turn               V - ring of protection from cold
MPRegen 0.17/turn               (no ring)

@: studying Unarmed Combat
A: hooves 1, rugged brown scales 1, foul stench 3, powered by death 2, berserk
1, clever 1, wild magic 1
a: Renounce Religion, Minor Destruction, Lesser Servant of Makhleb, Major
Destruction, Greater Servant of Makhleb


You were on level 14 of the Dungeon.
You worshipped Makhleb.
Makhleb was extremely pleased with you.
You visited 2 branches of the dungeon, and saw 15 of its levels.
You also visited: Bailey.

You collected 1091 gold pieces.
You spent 517 gold pieces at shops.

Inventory:

Hand Weapons
 a - a +3 flail
 e - a +2 antimagic hand axe
 h - a +2 hand axe of flaming
 C - a +5 morningstar
 G - a +3 spectral quarterstaff (weapon)
 P - a +2 battleaxe of draining
 U - the +7 long sword of Causality {protect, Stlth+}
   (You bought it in a shop on level 8 of the Dungeon)

   It grants its wielder temporary protection when it strikes (+7 to AC).
   Stlth:     It makes you more stealthy.
 X - a +6 long sword of freezing
Missiles
 d - a throwing net
 q - 23 boomerangs (quivered)
 N - 7 curare-tipped darts
 O - 8 datura-tipped darts
 Y - 8 javelins
Armour
 b - a +0 scale mail
 c - a +0 buckler
 m - an orb of energy
 y - a +2 cloak of willpower (worn)
 z - the +1 leather armour "Vutso Taly" (worn) {rC+ SInv}
   (You found it on level 6 of the Dungeon)

   rC:        It protects you from cold.
   SInv:      It lets you see invisible.
 J - an orb of mayhem
 K - a +1 hat (worn)
 L - a scarf of invisibility
Jewellery
 g - an amulet of faith
 o - a +4 ring of evasion
 D - an amulet of guardian spirit (around neck)
 F - an amulet of reflection
 H - an amulet of magic regeneration
 V - a ring of protection from cold (left hand)
Wands
 p - a wand of acid (4)
 u - a wand of mindburst (2)
 v - a wand of flame (64)
 T - a wand of polymorph (5)
Scrolls
 f - 3 scrolls of fear
 i - 6 scrolls of teleportation
 j - a scroll of blinking
 n - a scroll of silence
 B - 2 scrolls of identify
 M - 2 scrolls of enchant armour
 Q - a scroll of noise
 R - a scroll of torment
 Z - a scroll of magic mapping
Potions
 k - a potion of heal wounds
 l - 3 potions of haste
 r - 2 potions of lignification
 s - 2 potions of brilliance
 t - a potion of mutation
 w - 4 potions of ambrosia
 x - a potion of magic
 A - 4 potions of curing
 E - 2 potions of invisibility
 I - a potion of cancellation
Miscellaneous
 W - a tin of tremorstones (1/2)


   Skills:
 + Level 9.9 Fighting
 - Level 4.4(5.1) Axes
 - Level 3.6(7.8) Maces & Flails
 + Level 9.7(10.0) Staves
 + Level 3.1 Throwing
 + Level 7.7 Armour
 + Level 7.7 Dodging
 + Level 5.9 Stealth
 - Level 5.2 Shields
 * Level 11.7 Invocations
 + Level 2.0 Evocations


You had 12 spell levels left.
You didn't know any spells.
Your spell library contained the following spells:

 Spells                   Type           Power      Damage    Failure   Level
 Blink                    Tloc           0%         N/A       61%         2
 Corpse Rot               Necr/Air       0%         N/A       61%         2
 Dazzling Flash           Conj/Hex       0%         N/A       83%         3
 Lesser Beckoning         Tloc           0%         N/A       83%         3
 Ozocubu's Armour         Ice            0%         N/A       83%         3
 Dispel Undead            Necr           0%         3d6       99%         4
 Iskenderun's Mystic Bla  Conj/Tloc      0%         2d3       99%         4
 Manifold Assault         Tloc           0%         N/A       100%        5
 Summon Forest            Summ/Tloc      0%         N/A       100%        5
 Summon Mana Viper        Hex/Summ       0%         N/A       100%        5
 Death Channel            Necr           0%         N/A       100%        6
 Starburst                Conj/Fire      0%         6d3       100%        6
 Summon Cactus Giant      Summ           0%         N/A       100%        6
 Ozocubu's Refrigeration  Ice            0%         4d5       100%        7


Dungeon Overview and Level Annotations

Branches:
Dungeon (14/15)            Temple (1/1) D:7            Lair (0/6) D:10
    Orc (0/2) D:11         Vaults (0/5) D:13         Bailey (visited)

Altars:
Ashenzari
Cheibriados
Dithmenos
Elyvilon
Fedhas
Gozag
Hepliaklqana
Kikubaaqudgha
Makhleb
Nemelex Xobeh
Okawaru
Qazlal
Ru
Sif Muna
Trog
Uskayaw
Vehumet
Wu Jian
Xom
Yredelemnul
Zin
The Shining One

Shops:
D:8 *

Annotations:
D:8 3 runed translucent doors, Jase's ghost, novice GnWn
D:13 3 runed translucent doors, Xolotl's ghost, journeyman DjCA


Innate Abilities, Weirdness & Mutations

You have large cloven feet.
You are partially covered in rugged brown scales. (AC +1, +3% HP)
You frequently emit foul miasma when damaged in melee.
You regenerate health from kills.
You tend to lose your temper in combat.
Your mind is acute. (Int +2)
Your spells are a little harder to cast, but a little more powerful.


Message History

You feel much better. The cyan ugly thing tentacle-slaps you.
The cyan ugly thing shocks you!
* * * LOW HITPOINT WARNING * * *
The cyan ugly thing closely misses you.
You feel much better. The cyan ugly thing tentacle-slaps you!
The cyan ugly thing shocks you!
The cyan ugly thing is engulfed in dark miasma.
The cyan ugly thing looks even sicker.
The cyan ugly thing basks in the mutagenic energy from its kin and changes!
The cyan ugly thing closely misses you.
Okay, then.
You sock the cyan ugly thing! You kick the cyan ugly thing.
The cyan ugly thing is almost dead.
Your +3 spectral quarterstaff hits the cyan ugly thing!
You kill the cyan ugly thing!
Makhleb accepts your kill.
You feel better.
The cyan ugly thing tentacle-slaps you but does no damage.
Your Evocations skill increases to level 2!
You hit the cyan ugly thing.
You kick the cyan ugly thing, but do no damage.
The cyan ugly thing is lightly wounded.
Your +3 spectral quarterstaff misses the cyan ugly thing.
The cyan ugly thing tentacle-slaps you!
* * * LOW HITPOINT WARNING * * *
The cyan ugly thing shocks you!
* * * LOW HITPOINT WARNING * * *
You emit a cloud of foul miasma!
You hit the cyan ugly thing.
You kick the cyan ugly thing, but do no damage.
The cyan ugly thing is lightly wounded.
Your +3 spectral quarterstaff misses the cyan ugly thing.
The white ugly thing is engulfed in dark miasma.
The white ugly thing looks as sick as possible!
The white ugly thing closely misses you.
The cyan ugly thing is engulfed in dark miasma.
The cyan ugly thing is poisoned.
The cyan ugly thing tentacle-slaps you!
* * * LOW HITPOINT WARNING * * *
The cyan ugly thing shocks you!
You die...

##.##.##...###.(....
#.......###....##.......
#............###..8....#
#.......###.####†)....##
#.......# #.# #.....#.#
#.......# #.###.....#.#
.#.......# #.##......#.#
.......uu# #.........#.#
##.(@######......#.#
#..§..# #.#......##
###.#.#####.#..8.)..#
...##....#..........
#.....####.#.###......
#...... #.....#####....
##..... ##..#.##....#..
##....##.#.#.##.#.#...
#### #....#.......###


You could see 2 ugly things and a friendly +3 spectral quarterstaff (summoned).

Vanquished Creatures
  Frances (D:14)
  Gastronok (D:9)
  Kirke (D:14)
  Nessos (D:14)
  Josephine (D:11)
  A hydra (D:11)
  4 centaur warriors (D:14)
  2 dancing weapons (D:13)
  2 two-headed ogres (D:10)
  A death yak (D:14)
  Urug (D:11)
  A wizard (D:11)
  Pikel (D:5)
  3 orc knights (D:11)
  2 deep elf pyromancers (D:12)
  A wolf spider (D:12)
  9 ugly things
  2 cyclopes
  Maurice (D:13)
  Joseph (D:7)
  A gargoyle (D:12)
  A kobold demonologist (D:10)
  An efreet (D:14)
  An unseen horror (D:13)
  A tengu conjurer (D:14)
  A troll (D:10)
  A wolf spider simulacrum (D:12)
  A meliai (D:14)
  2 shadows (D:11)
  3 centaur simulacra (D:14)
  9 wraiths
  9 vampire mosquitoes
  A golden eye (shapeshifter) (D:13)
  A basilisk (D:8)
  A steam dragon (D:9)
  Grum (D:8)
  4 wargs (D:11)
  An acid dragon (D:14)
  Duvessa (D:6)
  2 sky beasts
  An ice beast (D:7)
  A black bear (D:4)
  6 orc warriors
  A necrophage (D:5)
  6 wolves
  7 centaurs
  Blork the orc (D:6)
  8 kobold brigands
  2 bullfrogs
  A bullfrog (shapeshifter) (D:14)
  A wyvern zombie (D:6)
  2 gnoll sergeants (D:11)
  2 scorpions
  A water moccasin zombie (D:6)
  Dowan (D:6)
  5 killer bees (D:11)
  An electric eel (D:10)
  8 wights
  7 howler monkeys
  5 centaur zombies
  10 hounds
  2 jellies
  A centaur skeleton (D:6)
  4 orc priests
  Crazy Yiuf (D:4)
  A gnoll shaman (D:8)
  3 bullfrog skeletons
  An iguana (D:6)
  Natasha (thrice) (D:2)
  9 orc wizards
  Terence (D:3)
  A killer bee zombie (D:8)
  A hound zombie (D:5)
  A howler monkey zombie (D:5)
  Robin (D:4)
  16 gnolls
  3 adders
  A shadow imp (D:7)
  3 white imps
  2 ufetubi (D:14)
  3 worms (D:3)
  6 dart slugs
  33 orcs
  7 ball pythons
  6 endoplasms
  2 giant cockroaches
  19 goblins
  13 hobgoblins
  4 jackals (D:3)
  4 quokkas
  5 bats
  2 frilled lizards (D:2)
  25 kobolds
  7 rats
348 creatures vanquished.

Vanquished Creatures (collateral kills)
  3 gnolls (D:11)
3 creatures vanquished.

Vanquished Creatures (others)
  A water elemental (D:14)
  3 humans (D:14)
  A vampire mosquito (D:14)
  A centaur (D:11)
  7 fungi
  3 plants (D:13)
16 creatures vanquished.

Grand Total: 367 creatures vanquished

Notes
Turn   | Place    | Note
-------+----------+-------------------------------------------
     0 | D:1      | Icepheonix32 the Demonspawn Fighter began the quest for the
                  | Orb.
     0 | D:1      | Reached XP level 1. HP: 18/18 MP: 1/1
   251 | D:1      | Gained mutation: You are partially covered in rugged brown
                  | scales. (AC +1, +3% HP) [demonic ancestry]
   251 | D:1      | Reached XP level 2. HP: 18/24 MP: 2/2
   806 | D:1      | Found a faded altar of an unknown god.
  1008 | D:2      | Found a blossoming altar of Fedhas.
  1043 | D:2      | Gained mutation: You may rarely emit foul miasma when
                  | damaged in melee. [demonic ancestry]
  1043 | D:2      | Reached XP level 3. HP: 29/29 MP: 3/3
  1423 | D:2      | Noticed Natasha
  1431 | D:2      | Killed Natasha
  1656 | D:1      | Gained mutation: You regenerate a little health from kills.
                  | [demonic ancestry]
  1656 | D:1      | Reached XP level 4. HP: 9/36 MP: 4/4
  2048 | D:2      | Noticed Natasha
  2059 | D:2      | Killed Natasha
  2166 | D:2      | Noticed Natasha
  2176 | D:2      | Killed Natasha
  2177 | D:2      | Gained mutation: You sometimes emit foul miasma when
                  | damaged in melee. [demonic ancestry]
  2177 | D:2      | Reached XP level 5. HP: 10/42 MP: 5/5
  2701 | D:3      | Reached skill level 1 in Dodging
  3267 | D:3      | Found a hide-covered altar of Uskayaw.
  3267 | D:3      | Noticed Terence
  3282 | D:3      | Killed Terence
  3693 | D:3      | Gained mutation: You regenerate health from kills. [demonic
                  | ancestry]
  3693 | D:3      | Reached XP level 6. HP: 49/49 MP: 6/6
  3916 | D:4      | Noticed a sky beast
  3927 | D:4      | Killed a sky beast
  3959 | D:4      | Identified the +1 robe "Inif" {MP-9 Int+5 Dex+8 Stlth-}
  4046 | D:4      | Noticed Robin
  4060 | D:4      | Killed Robin
  4439 | D:4      | Gained mutation: You frequently emit foul miasma when
                  | damaged in melee. [demonic ancestry]
  4439 | D:4      | Reached XP level 7. HP: 48/56 MP: 7/7
  4564 | D:4      | Found a runed translucent door.
  4565 | D:4      | Noticed Crazy Yiuf
  4571 | D:4      | Killed Crazy Yiuf
  4677 | D:5      | Entered Level 5 of the Dungeon
  4693 | D:5      | Noticed Pikel
  4706 | D:5      | Paralysed by Pikel for 6 turns
  4714 | D:5      | Killed Pikel
  4715 | D:5      | Reached skill level 5 in Fighting
  4715 | D:5      | Reached skill level 5 in Armour
  4715 | D:5      | Reached XP level 8. HP: 38/63 MP: 8/8
  5941 | D:6      | Identified the +1 leather armour "Vutso Taly" {rC+ SInv}
  6477 | D:6      | Reached skill level 5 in Shields
  6650 | D:6      | Reached skill level 1 in Throwing
  6650 | D:6      | Reached skill level 1 in Stealth
  6690 | D:6      | Noticed Duvessa
  6690 | D:6      | Noticed Dowan
  6707 | D:6      | Killed Duvessa
  6708 | D:6      | Reached XP level 9. HP: 61/71 MP: 7/9
  6720 | D:6      | Killed Dowan
  6874 | D:6      | Reached skill level 1 in Maces & Flails
  6973 | D:6      | Noticed Blork the orc
  6981 | D:6      | Killed Blork the orc
  7723 | D:7      | Noticed Joseph
  7730 | D:7      | Killed Joseph
  7923 | D:7      | Found a staircase to the Ecumenical Temple.
  7942 | Temple   | Entered the Ecumenical Temple
  8127 | Temple   | Became a worshipper of Makhleb the Destroyer
  8304 | D:8      | Reached skill level 1 in Invocations
  8327 | D:8      | Reached skill level 2 in Invocations
  8352 | D:8      | Gained mutation: You have a pair of small antennae on your
                  | head. [potion of mutation]
  8361 | D:8      | Lost mutation: You have a pair of small antennae on your
                  | head. [potion of mutation]
  8361 | D:8      | Gained mutation: Your magical capacity is low. (-10% MP)
                  | [potion of mutation]
  8361 | D:8      | Gained mutation: You have sharp toenails. [potion of
                  | mutation]
  8361 | D:8      | Gained mutation: You have razor-sharp toenails. [potion of
                  | mutation]
  8362 | D:8      | Lost mutation: You have razor-sharp toenails. [potion of
                  | mutation]
  8362 | D:8      | Lost mutation: Your magical capacity is low. (-10% MP)
                  | [potion of mutation]
  8362 | D:8      | Lost mutation: You have sharp toenails. [potion of
                  | mutation]
  8362 | D:8      | Gained mutation: Your spells are a little harder to cast,
                  | but a little more powerful. [potion of mutation]
  8362 | D:8      | Gained mutation: Your mind is acute. (Int +2) [potion of
                  | mutation]
  8362 | D:8      | Gained mutation: You tend to lose your temper in combat.
                  | [potion of mutation]
  8449 | D:8      | Found Mumaocs's Assorted Antiques.
  8458 | D:8      | Bought a potion of heal wounds for 115 gold pieces
  8458 | D:8      | Bought a scroll labelled FYINI MEHIGAASM for 23 gold pieces
  8571 | D:8      | Noticed a cyclops
  8581 | D:8      | Killed a cyclops
  8582 | D:8      | Reached skill level 1 in Staves
  8582 | D:8      | Reached skill level 3 in Invocations
  8775 | D:8      | Reached skill level 4 in Invocations
  8937 | D:8      | Reached * piety under Makhleb
  8973 | D:8      | Noticed Grum
  8977 | D:8      | Killed Grum
  8978 | D:8      | Reached XP level 10. HP: 59/79 MP: 9/13
  9084 | D:8      | Noticed Jase's ghost (novice GnWn)
  9084 | D:8      | Noticed a boulder beetle
  9088 | D:8      | Found a runed translucent gate.
  9088 | D:8      | Found a runed translucent gate.
  9089 | D:8      | Noticed a cyclops
  9090 | D:8      | Found a runed translucent gate.
  9419 | D:9      | Reached skill level 5 in Dodging
  9419 | D:9      | Noticed Gastronok
  9436 | D:9      | Killed Gastronok
  9437 | D:9      | Reached skill level 5 in Invocations
  9501 | D:9      | Found a flagged portal.
  9518 | Bailey   | Entered a bailey
  9587 | Bailey   | Reached ** piety under Makhleb
  9736 | Bailey   | Reached skill level 6 in Invocations
  9758 | Bailey   | Found an iron altar of Okawaru.
 10321 | D:10     | Entered Level 10 of the Dungeon
 10327 | D:10     | Noticed an orange demon
 10328 | D:10     | Noticed a smoke demon
 10334 | D:10     | Noticed a sun demon
 10335 | D:10     | Reached skill level 5 in Staves
 10335 | D:10     | Reached skill level 7 in Invocations
 10342 | D:10     | HP: 4/82 [poisoned by an orange demon]
 10344 | D:10     | HP: 1/82 [poisoned by an orange demon]
 10782 | D:10     | Noticed a two-headed ogre
 10791 | D:10     | Killed a two-headed ogre
 10792 | D:10     | Reached XP level 11. HP: 71/87 MP: 8/16
 10869 | D:10     | Found a staircase to the Lair.
 10930 | D:10     | Noticed a two-headed ogre
 10934 | D:10     | Noticed a white ugly thing
 10936 | D:10     | Killed a two-headed ogre
 10946 | D:10     | Killed a white ugly thing
 10946 | D:10     | Reached *** piety under Makhleb
 11501 | D:8      | Bought a transparent long sword for 195 gold pieces
 11501 | D:8      | Identified the +7 long sword of Causality {protect, Stlth+}
                  | (You bought it in a shop on level 8 of the Dungeon)
 11501 | D:8      | Bought a tubular agate ring for 115 gold pieces
 11501 | D:8      | Bought a potion of curing for 69 gold pieces
 11739 | D:11     | Reached skill level 8 in Invocations
 11855 | D:11     | Found a staircase to the Orcish Mines.
 12112 | D:11     | Noticed Josephine
 12120 | D:11     | Killed Josephine
 12264 | D:11     | Noticed an orc knight
 12295 | D:11     | Killed an orc knight
 12487 | D:11     | Noticed a red ugly thing
 12493 | D:11     | Killed a red ugly thing
 12494 | D:11     | Reached skill level 9 in Invocations
 12495 | D:11     | Noticed Urug
 12497 | D:11     | Noticed an eight-headed hydra
 12511 | D:11     | Killed an eight-headed hydra
 12514 | D:11     | Killed Urug
 12515 | D:11     | Reached skill level 1 in Evocations
 12530 | D:11     | Noticed a wizard
 12541 | D:11     | Killed a wizard
 12553 | D:11     | Reached **** piety under Makhleb
 12559 | D:11     | Noticed an orc knight
 12602 | D:11     | Noticed an orc knight
 12606 | D:11     | Killed an orc knight
 12607 | D:11     | Reached XP level 12. HP: 64/96 MP: 6/19
 13522 | D:12     | Reached skill level 10 in Invocations
 13964 | D:13     | Found a gate to the Vaults.
 14347 | D:13     | Found a runed translucent gate.
 14347 | D:13     | Found a runed translucent gate.
 14347 | D:13     | Found a runed translucent gate.
 14347 | D:13     | Noticed a 13-headed hydra
 14347 | D:13     | Noticed Xolotl's ghost (journeyman DjCA)
 14349 | D:13     | Noticed a nine-headed hydra
 14424 | D:13     | Noticed Maurice
 14436 | D:13     | Killed Maurice
 15253 | D:14     | Noticed a centaur warrior
 15270 | D:14     | Killed a centaur warrior
 15271 | D:14     | Reached skill level 5 in Stealth
 15324 | D:14     | Noticed a centaur warrior
 15326 | D:14     | Noticed a death yak
 15332 | D:14     | Killed a centaur warrior
 15333 | D:14     | Reached skill level 11 in Invocations
 15335 | D:14     | Killed a death yak
 15341 | D:14     | Noticed Nessos
 15347 | D:14     | Killed Nessos
 15349 | D:14     | Noticed Kirke
 15362 | D:14     | Killed Kirke
 15363 | D:14     | Gained mutation: You have large cloven feet. [demonic
                  | ancestry]
 15363 | D:14     | Reached XP level 13. HP: 105/105 MP: 15/21
 15495 | D:14     | Noticed Frances
 15496 | D:14     | Reached ***** piety under Makhleb
 15517 | D:14     | Killed Frances
 16144 | D:14     | Slain by a cyan ugly thing

Illustrated notes

Levels and vault maps discovered:
D:1:      lightli_iron_boxes, layout_basic,
          chequers_ecumenical_altar_simple_redux, minmay_statues_item
D:2:      layout_basic, basic_altar, kennysheep_crisscross, uniq_natasha
D:3:      layout_basic, mainiacjoe_overflow_cross_hatched,
          minmay_misc_feat_tower, minmay_close_crescents, uniq_terence
D:4:      layout_loops_ring, uniq_crazy_yiuf_cottage, uniq_robin
D:5:      layout_layer_cave, uniq_pikel
D:6:      cheibrodos_iron_armory, layout_basic, uniq_blork_the_orc, uniq_duvessa
D:7:      layout_loops_corners, temple_hall, chequers_serial_rivers_small_b,
          uniq_joseph
D:8:      layout_gridville, serial_shops, shop, gammafunk_ghost_split,
          minmay_misc_feat_hallway, uniq_grum
D:9:      layout_loops_cross, enter_bailey_3, uniq_gastronok
D:10:     layout_loops_ring, erik_lair_island
D:11:     layout_loops_ring, minmay_orc_entry_guard_dogs, minivault_16,
          sword_in_stone, uniq_josephine
D:12:     layout_cave_pods
D:13:     layout_loops_ring, erik_vaults_1, gammafunk_ghost_hydra_chop,
          minmay_misc_feat_plants, chequers_serial_rivers_micro_d,
          hangedman_decor_diamond_cutter, uniq_maurice
D:14:     layout_loops_cross, serial_ice, serial_ice_l, serial_ice_d,
          serial_ice_a, serial_ice_c, serial_ice_o, serial_ice_h,
          serial_park_square1 [serial_park_minivault_5x5_3],
          hangedman_decor_opposing, beargit_elvish_explorers, uniq_frances,
          uniq_nessos, uniq_kirke
Temple:   minmay_crystal_snake_temple

Skill      XL: |  1  2  3  4  5  6  7  8  9 10 11 12 13 |
---------------+----------------------------------------+-----
Axes           | 2 3 4 |  4.4
Shields        | 3 4 5 |  5.2
Armour         | 3 4 5 6 7 |  7.7
Dodging        | 1 2 3 4 5 6 7 |  7.7
Fighting       | 4 5 6 7 8 9 |  9.9
Throwing       | 1 2 3 |  3.1
Stealth        | 1 2 4 5 |  5.9
Maces & Flails | 3 |  3.6
Invocations    | 4 7 9 11 | 11.7
Staves         | 2 5 7 9 |  9.7
Evocations     | 1 2 |  2.0

Action                   |  1- 3 |  4- 6 |  7- 9 | 10-12 | 13-15 || total
-------------------------+-------+-------+-------+-------+-------++-------
Melee: War axe           |    99 |   107 |       |       |       ||   206
       Hand axe          |       |   109 |   119 |       |       ||   228
       Morningstar       |       |       |    89 |       |       ||    89
       Quarterstaff      |       |       |    41 |   445 |    43 ||   529
       Kick              |       |       |       |       |    25 ||    25
Throw: Boomerang         |       |       |    12 |    22 |       ||    34
       Dart              |       |       |       |    11 |       ||    11
Evoke: Wand              |       |       |       |     9 |    13 ||    22
       Tin of tremorston |       |       |       |     1 |       ||     1
  Use: Potion            |       |     2 |    11 |     3 |     3 ||    19
       Scroll            |       |       |    11 |     9 |       ||    20
 Stab: Sleeping          |       |       |     1 |     5 |       ||     6
       Distracted        |       |       |       |     8 |       ||     8
Armor: Scale mail        |    59 |   105 |    50 |       |       ||   214
       Leather armour    |       |       |    46 |   158 |    12 ||   216
Dodge: Dodged            |    36 |   110 |   155 |   339 |    26 ||   666
Block: Buckler           |    22 |    50 |    45 |       |       ||   117
